 Dungeon Crawl Stone Soup version 0.24-a0-516-g9de272bb65 (webtiles) character file.

Game seed: 14943338158661732205

254 Greboboi the Chopper (level 5, -6/46 HPs)
             Began as a Minotaur Fighter on July 22, 2019.
             Killed by nerve-wracking pain
             ... invoked by an orc priest
              (12 damage)
             ... on level 4 of the Dungeon.
             The game lasted 00:08:55 (3226 turns).

Greboboi the Chopper (Minotaur Fighter)             Turns: 3226, Time: 00:08:56

Health: -6/46      AC: 12    Str: 21    XL:     5   Next: 91%
Magic:  4/4        EV:  5    Int:  5    God:
Gold:   166        SH:  9    Dex: 10    Spells: 4/4 levels left

rFire    . . .     SeeInvis .   a - +0 war axe
rCold    . . .     Gourm    .   c - +0 shield
rNeg     . . .     Faith    .   k - +0 plate armour
rPois    .         Spirit   .   (helmet restricted)
rElec    .         Reflect  .   (no cloak)
rCorr    .         Harm     .   (no gloves)
MR       .....                  (no boots)
Stlth    ..........             (no amulet)
HPRegen  0.15/turn              (no ring)
MPRegen  0.09/turn              (no ring)

@: lethally poisoned (-6 -> -12)
A: retaliatory headbutt, horns 2
a: no special abilities


You were on level 4 of the Dungeon.
You were not hungry.

You visited 1 branch of the dungeon, and saw 4 of its levels.

You collected 166 gold pieces.

Inventory:

Hand Weapons
 a - a +0 war axe (weapon)
Missiles
 g - 78 stones (quivered)
Armour
 b - a +0 scale mail
 c - a +0 shield (worn)
 k - a +0 plate armour (worn)
 o - a +0 ring mail of cold resistance
Scrolls
 e - a scroll of amnesia {unknown}
 h - a scroll of immolation {unknown}
 i - a scroll of fog {unknown}
 j - 2 scrolls of identify {unknown}
 l - a scroll of remove curse {unknown}
 m - a scroll of enchant weapon {unknown}
 n - 4 scrolls of teleportation {unknown}
 s - a scroll of noise {unknown}
Potions
 d - a potion of might
 p - a potion of berserk rage {unknown}
 r - a potion of brilliance {unknown}
 t - a potion of haste {unknown}
 u - a potion of lignification {unknown}
 v - a potion of heal wounds {unknown}
Comestibles
 f - 3 rations
 q - 3 chunks of flesh


   Skills:
 - Level 4.0 Fighting
 + Level 5.2 Axes
 + Level 4.7 Armour
 * Level 2.5 Dodging
 + Level 4.4 Shields


You had 4 spell levels left.
You didn't know any spells.
Your spell library was empty.

Dungeon Overview and Level Annotations

Branches:
Dungeon (4/15)
 Temple: D:4-7

Altars:


Innate Abilities, Weirdness & Mutations

You reflexively headbutt those who attack you in melee.
You have a pair of horns on your head.


Message History

You slash the worker ant! You hit the orc. You slash the orc!
You kill the orc!
You feel sick. The orc hits you with a +0 flail.
* * * LOW HITPOINT WARNING * * *
You block the worker ant's attack.
The orc priest calls upon Beogh to heal the orc.
The orc's wounds heal themselves!
You hit the orc priest.
You headbutt the orc priest, but do no damage.
The orc priest is severely wounded.
You completely miss the worker ant.
Your plate armour prevents you from hitting the orc.
You barely miss the orc.
* * * LOW HITPOINT WARNING * * *
You feel sick. The worker ant barely misses you.
The orc priest begins to cast a cantrip, but forgets the words!
You block the orc's attack. The orc barely misses you.
The orc priest calls down the wrath of Beogh upon you.
Pain shoots through your body!
You die...

..##..................##
..##...................#
..................(.....
..........###...........
................?.......
.|....................#
.................o....#
.#.......####..ooao...#
.#.......# #.oo@##...#
.#...........#+### .....
.#........... ....
............. ...
........... ... ... ....


You could see a worker ant, 2 orc priests and 4 orcs.

Vanquished Creatures
  A scorpion (D:2)
  2 orc wizards (D:4)
  5 adders
  An ooze (D:2)
  2 worms
  3 dart slugs
  2 leopard geckos
  4 orcs (D:4)
  13 bats
  3 giant cockroaches
  7 goblins
  9 hobgoblins
  8 jackals (D:1)
  A quokka (D:3)
  A ball python (D:2)
  4 frilled lizards
  8 kobolds
  7 rats
81 creatures vanquished.

Notes
Turn   | Place    | Note
-------+----------+-------------------------------------------
     0 | D:1      | Greboboi the Minotaur Fighter began the quest for the Orb.
     0 | D:1      | Reached XP level 1. HP: 19/19 MP: 0/0
   183 | D:1      | Reached XP level 2. HP: 24/27 MP: 1/1
   478 | D:1      | Reached skill level 1 in Dodging
   661 | D:1      | Reached XP level 3. HP: 33/33 MP: 2/2
  1108 | D:2      | Reached skill level 3 in Axes
  1459 | D:2      | Noticed a scorpion
  1467 | D:2      | Killed a scorpion
  1467 | D:2      | Reached skill level 4 in Axes
  1467 | D:2      | Reached XP level 4. HP: 20/40 MP: 3/3
  2361 | D:3      | Reached XP level 5. HP: 46/46 MP: 4/4
  3180 | D:4      | Reached skill level 5 in Axes
  3226 | D:4      | Killed from afar by an orc priest

Levels and vault maps discovered:
D:1:      giann_horns, layout_basic
D:2:      layout_basic
D:3:      layout_loops_corners, serial_bayou_pond_b, kennysheep_generic_room_12
D:4:      layout_basic

Skill      XL: |  1  2  3  4  5 |
---------------+----------------+-----
Armour         | 4 |  4.7
Fighting       | 4 |  4.0
Dodging        | 1 2 |  2.5
Axes           | 4 5 |  5.2
Shields        | 4 |  4.4

Action                   |  1- 3 |  4- 6 || total
-------------------------+-------+-------++-------
Melee: War axe           |    93 |   106 ||   199
       Headbutt          |    15 |    15 ||    30
  Eat: Ration            |     1 |       ||     1
       Chunk             |       |     4 ||     4
Armor: Scale mail        |    17 |       ||    17
       Plate armour      |    36 |    74 ||   110
Dodge: Dodged            |    26 |    29 ||    55
Block: Shield            |    54 |    55 ||   109

Table legend:
 A = Non-vault XP
 B = Vault XP
 C = Vault XP percentage of total XP
 D = Non-vault monster count
 E = Vault monster count
 F = Vault count percentage of total count
                 A         B        C        D         E       F
            +---------+---------+-------+---------+---------+-------
      Total |     358 |       6 |   1.6 |      78 |       3 |   3.7
            +---------+---------+-------+---------+---------+-------
        D:1 |      56 |       0 |   0.0 |      32 |       0 |   0.0
        D:2 |     115 |       0 |   0.0 |      16 |       0 |   0.0
        D:3 |      93 |       6 |   6.1 |      24 |       3 |  11.1
        D:4 |      94 |       0 |   0.0 |       6 |       0 |   0.0
            +---------+---------+-------+---------+---------+-------
